 Dungeon Crawl Stone Soup version 0.16.2-12-gd0ad4c3 (webtiles) character file.

115 faibistes the Magician (level 4, 0/24 HPs)
             Began as a Deep Elf Wizard on Jan 18, 2019.
             Killed by nerve-wracking pain
             ... invoked by an orc priest
              (10 damage)
             ... on level 3 of the Dungeon on Jan 19, 2019.
             The game lasted 00:06:45 (2478 turns).

faibistes the Magician (Deep Elf Wizard)            Turns: 2478, Time: 00:06:45

Health: 0/24       AC:  3    Str:  6    XL:     4   Next: 68%
Magic:  12/17      EV: 13    Int: 24    God:
Gold:   82         SH:  0    Dex: 13    Spells: 6 memorised, 1 level left

rFire  . . .     SeeInvis .     p - +0 dagger
rCold  . . .     Clarity  .     a - +0 robe
rNeg   . . .     SustAb   .     (no shield)
rPois  .         Gourm    .     b - +0 hat
rElec  .         Spirit   .     n - +0 cloak
rCorr  .         Warding  .     (no gloves)
rMut   .         Stasis   .     (no boots)
MR     .....                    (no amulet)
Stlth  +.........               (no ring)
                                t - +2 ring of strength

@: confused, very slightly contaminated, repel missiles, not resistant to
hostile enchantments, very unstealthy
A: no striking features
a: no special abilities


You were on level 3 of the Dungeon.
You were hungry.

You visited 1 branch of the dungeon, and saw 3 of its levels.

You collected 82 gold pieces.

Inventory:

Hand weapons
 p - a +0 dagger (weapon)
Armour
 a - a +0 robe (worn)
 b - a +0 hat (worn)
 n - a +0 cloak (worn)
Jewellery
 t - a +2 ring of strength (left hand)
Scrolls
 k - a scroll of amnesia {unknown}
 l - 2 scrolls of teleportation {unknown}
 q - a scroll of remove curse {unknown}
 r - 2 scrolls of identify {unknown}
 u - a scroll of recharging {unknown}
Potions
 e - a potion of restore abilities {unknown}
 f - a potion of poison {unknown}
 g - a potion of curing {unknown}
 h - 2 potions of might {unknown}
 i - 2 potions of agility {unknown}
 m - a potion of lignification {unknown}
 o - 2 potions of brilliance {unknown}
 s - a potion of resistance {unknown}
Books
 c - a book of Minor Magic

   Spells                             Type                      Level
   a - Magic Dart                     Conjuration                  1
   b - Blink                          Translocation                2
   c - Call Imp                       Summoning                    2
   d - Repel Missiles                 Charms/Air                   2
   e - Slow                           Hexes                        2
   f - Conjure Flame                  Conjuration/Fire             3
   g - Mephitic Cloud                 Conjuration/Poison/Air       3
Comestibles
 d - 4 bread rations
 j - a meat ration


   Skills:
 + Level 3.3 Dodging
 - Level 2.4 Stealth
 * Level 5.7 Spellcasting
 * Level 3.4 Conjurations
 - Level 1.1 Summonings
 - Level 1.1 Translocations


You had one spell level left.
You knew the following spells:

 Your Spells              Type           Power        Failure   Level  Hunger
a - Magic Dart            Conj           ###.         1%          1    None
b - Conjure Flame         Conj/Fire      ###.....     14%         3    #......
c - Call Imp              Summ           ##......     10%         2    None
d - Blink                 Tloc           N/A          10%         2    None
e - Mephitic Cloud        Conj/Pois/Air  ##......     17%         3    #......
f - Repel Missiles        Chrm/Air       #.....       14%         2    None


Dungeon Overview and Level Annotations

Branches:
Dungeon (3/15)

Altars:
Elyvilon
Yredelemnul


Message History

Aiming: Mephitic Cloud
Press: ? - help, Shift-Dir - straight line, f/p - orc priest
Aim: an orc priest, wielding a flail and wearing a chain mail The ball explodes into a vile cloud!
The stinking cloud engulfs the orc priest.
You are engulfed in noxious fumes.
You choke on the stench!
You are confused.
The orc priest is engulfed in noxious fumes.
The orc priest appears confused.
You are engulfed in noxious fumes.
You choke on the stench!
You are more confused.
You are engulfed in noxious fumes.
You choke on the stench!
You are more confused.
You are engulfed in noxious fumes.
You choke on the stench!
You are more confused.
The orc priest hits itself but does no damage.
The orc priest seems less confused.
The orc priest mumbles some strange prayers to Beogh against you.
Pain shoots through your body!
You die...

#.รท...#...#..#.<..+......#
#.....#...#.....###......####
+.....#.....<............##..
#.....#.......#.##.....(.##.#
+.....#..........#.......##.#
#...#.###+#......#...........
#...#.###+#......#o....(...##
#...#.........o..[..####r(.#
...#......<@.......# #...##
#...............# #.....
#...............####.....
..##...#..#..........#### .
#...#..#..............
#####..#..............
.........#.####......
...##.#....#.........
............'.........


You could see an orc priest and an orc.

Vanquished Creatures
  An orc wizard (D:3)
  3 adders
  A giant mite (D:1)
  3 worms
  A giant gecko (D:1)
  An ooze (D:1)
  An orc (D:3)
  2 hobgoblins (D:1)
  2 bats
  3 giant cockroaches (D:1)
  7 goblins
  5 kobolds
  A quokka (D:2)
  6 rats
37 creatures vanquished.

Vanquished Creatures (collateral kills)
  4 jackals (D:2)
4 creatures vanquished.

Vanquished Creatures (others)
  A hobgoblin (D:2)
  A kobold (D:2)
  A giant newt (D:2)
3 creatures vanquished.

Grand Total: 44 creatures vanquished

Notes
Turn   | Place    | Note
--------------------------------------------------------------
     0 | D:1      | faibistes, the Deep Elf Wizard, began the quest for the Orb.
     0 | D:1      | Reached XP level 1. HP: 10/10 MP: 6/6
   188 | D:1      | Reached XP level 2. HP: 15/15 MP: 5/10
   230 | D:1      | Learned a level 2 spell: Blink
   233 | D:1      | Learned a level 2 spell: Call Imp
   739 | D:1      | Reached XP level 3. HP: 19/19 MP: 3/13
   748 | D:1      | Learned a level 3 spell: Conjure Flame
   752 | D:1      | Learned a level 3 spell: Mephitic Cloud
  1134 | D:3      | Reached skill level 5 in Spellcasting
  1495 | D:2      | Found a white marble altar of Elyvilon.
  1519 | D:2      | Reached XP level 4. HP: 24/24 MP: 4/17
  1523 | D:2      | Learned a level 2 spell: Repel Missiles
  2281 | D:3      | Found a basalt altar of Yredelemnul.
  2478 | D:3      | Killed from afar by an orc priest

Action                   |  1- 3 |  4- 6 || total
-------------------------+-------+-------++-------
Melee: Unarmed           |     1 |       ||     1
       Dagger            |       |     5 ||     5
 Cast: Magic Dart        |    73 |    35 ||   108
       Call Imp          |     3 |       ||     3
       Mephitic Cloud    |       |     3 ||     3
       Repel Missiles    |       |     3 ||     3
 Stab: Confused          |       |     1 ||     1
  Eat: Chunk             |     2 |     2 ||     4
